 Dungeon Crawl Stone Soup version 0.21.1-1-g345015fe64 (webtiles) character file.

37 taffy the Shield-Bearer (level 3, -4/35 HPs)
             Began as a Gnoll Fighter on May 20, 2018.
             Slain by a gnoll
             ... wielding a +0 flail
              (7 damage)
             ... on level 1 of the Dungeon.
             The game lasted 00:03:38 (1059 turns).

taffy the Shield-Bearer (Gnoll Fighter)             Turns: 1059, Time: 00:03:39

Health: -4/35      AC:  7    Str: 19    XL:     3   Next: 39%
Magic:  4/4        EV:  9    Int: 10    God:
Gold:   34         SH: 10    Dex: 14    Spells: 3/3 levels left

rFire    . . .     SeeInvis .   a - +0 flail
rCold    . . .     Gourm    .   c - +0 shield
rNeg     . . .     Faith    .   n - +1 ring mail {MR+}
rPois    .         Spirit   .   (no helmet)
rElec    .         Reflect  .   (no cloak)
rCorr    .         Harm     .   (no gloves)
MR       +....                  (no boots)
Stlth    +.........             (no amulet)
HPRegen  0.11/turn              (no ring)
MPRegen  0.09/turn              (no ring)

@: no status effects
A: distributed training, fangs 1, strong nose
a: no special abilities


You were on level 1 of the Dungeon.
You were hungry.

You visited 1 branch of the dungeon, and saw 2 of its levels.

You collected 34 gold pieces.

Inventory:

Hand Weapons
 a - a +0 flail (weapon)
Armour
 b - a +0 scale mail
 c - a +0 shield (worn)
 n - a +1 ring mail of magic resistance (worn)
Scrolls
 e - 4 scrolls of remove curse {unknown}
 h - a scroll of noise {unknown}
 l - a scroll of teleportation {unknown}
 m - a scroll of enchant weapon {unknown}
 o - a scroll of identify {unknown}
 q - a scroll of immolation {unknown}
Potions
 d - a potion of might
 g - a potion of degeneration {unknown}
 i - 2 potions of haste {unknown}
 j - a potion of curing {unknown}
 k - 2 potions of heal wounds {unknown}
 p - 2 potions of resistance {unknown}
Comestibles
 f - 3 rations


   Skills:
 + Level 6.5 Fighting
 + Level 0.7 Short Blades
 + Level 0.7 Long Blades
 + Level 0.7 Axes
 + Level 4.5 Maces & Flails
 + Level 0.7 Polearms
 + Level 0.7 Staves
 + Level 0.7 Slings
 + Level 0.7 Bows
 + Level 0.7 Crossbows
 + Level 0.7 Throwing
 + Level 6.5 Armour
 + Level 0.7 Dodging
 + Level 0.7 Stealth
 + Level 6.5 Shields
 + Level 0.7 Unarmed Combat
 + Level 0.7 Spellcasting
 + Level 0.5 Conjurations
 + Level 0.5 Hexes
 + Level 0.5 Charms
 + Level 0.5 Summonings
 + Level 0.5 Necromancy
 + Level 0.5 Translocations
 + Level 0.5 Transmutations
 + Level 0.5 Fire Magic
 + Level 0.5 Ice Magic
 + Level 0.5 Air Magic
 + Level 0.5 Earth Magic
 + Level 0.5 Poison Magic
 + Level 0.9 Invocations
 + Level 0.7 Evocations


You had 3 spell levels left.
You didn't know any spells.

Dungeon Overview and Level Annotations

Branches:
Dungeon (2/15)

Altars:


Innate Abilities, Weirdness & Mutations

Your experience applies equally to all skills.
You have very sharp teeth.
Your uncanny sense of smell can sniff out nearby items.


Message History

A gnoll comes into view. It is wielding a halberd.
You barely miss the gnoll.
The gnoll is moderately wounded.
The gnoll hits you with a halberd! The gnoll closely misses you.
You hit the gnoll.
The gnoll is heavily wounded.
The gnoll hits you from afar with a spear.
The gnoll closely misses you. The gnoll hits you with a flail.
You block the gnoll's attack.
Found 26 stones.
Found a ring mail.
There is an escape hatch in the ceiling here.
The gnoll hits you with a flail!
* * * LOW HITPOINT WARNING * * *
A mysterious force pulls you upwards. The hatch slams shut behind you.
You hit the gnoll but do no damage. The gnoll hits you with a flail!
* * * LOW HITPOINT WARNING * * *
Your shield prevents you from hitting the gnoll.
Your bite misses the gnoll. The gnoll hits you with a flail!
You die... ≈..≈♣## ♣.PPPPP.♣

#..# P...# ♣.P≈≈≈P.♣###..####
♣...# ♣.P≈8≈P.♣........# #...#
♣.P≈≈≈P...##.#.#.##### #..##
♣.PPPPP♣♣###.#.#.[÷... #..#
♣......<♣....#.###..## ..##
♣♣♣♣♣♣♣♣♣#####.#♣♣.♣♣ .## #.#
#.#♣≈.♣♣ .## #@# #.♣♣♣≈P♣ ..#
#######g########♣♣♣P≈P♣ ..#
##..[..#.#.....♣ ♣♣♣♣≈P♣♣
..#######..#.....#.###.♣♣♣P♣.≈.♣♣
.....##..##.##.#>#.# #....≈≈≈≈≈≈≈
.........#.♣.#.#.#.# ##♣P≈♣≈≈≈.♣P
.....###.##.##.#.#.####♣♣♣♣♣♣≈.♣♣
..#### ##..#.......(....♣..♣♣≈P♣
..# ##...##...........♣♣♣≈♣♣


You could see a gnoll.

Vanquished Creatures
  A gnoll (D:1)
  A worm (D:2)
  A ball python (D:1)
  4 bats
  3 giant cockroaches
  A goblin (D:1)
  4 jackals
  3 frilled lizards (D:1)
  2 kobolds (D:1)
  5 rats (D:1)
25 creatures vanquished.

Notes
Turn   | Place    | Note
-------+----------+-------------------------------------------
     0 | D:1      | taffy the Gnoll Fighter began the quest for the Orb.
     0 | D:1      | Reached XP level 1. HP: 23/23 MP: 1/1
   126 | D:1      | Reached XP level 2. HP: 29/29 MP: 2/2
   414 | D:1      | Reached XP level 3. HP: 35/35 MP: 3/3
   893 | D:2      | Noticed a gnoll sergeant
  1059 | D:1      | Slain by a gnoll

Action                   || total
-------------------------++-------
Melee: Flail             ||    67
       Bite              ||     7
Armor: Scale mail        ||    13
       Ring mail         ||     4
Dodge: Dodged            ||    20
Block: Shield            ||    46
